 Dungeon Crawl Stone Soup version 0.31-a0-195-g7586a6f1e9 (webtiles) character file.

Game seed: 11205769550327185421

918 qw the Skirmisher (level 7, -2/40 HPs)
             Began as a Deep Elf Hunter on June 24, 2023.
             Was a Follower of Okawaru.
             Slain by an iguana (8 damage)
             ... on level 5 of the Dungeon.
             The game lasted 00:01:46 (4013 turns).

qw the Skirmisher (Deep Elf Hunter)                 Turns: 4013, Time: 00:01:47

Health: -2/40      AC:  7    Str: 10    XL:     7   Next: 83%
Magic:  10/12      EV: 14    Int: 14    God:    Okawaru [*.....]
Gold:   460        SH:  0    Dex: 18    Spells: 6/6 levels left

rFire   . . .        Y - +2 shortbow
rCold   . . .        (shield currently unavailable)
rNeg    . . .        e - +0 ring mail
rPois   .            (no helmet)
rElec   .            (no cloak)
rCorr   .            c - +0 pair of gloves
SInv    .            (no boots)
Will    .....        (no amulet)
Stlth   +++          h - +4 ring of slaying {mikee}
HPRegen 0.26/turn    (no ring)
MPRegen 0.13/turn

%: no passive effects
@: heroic
A: no striking features
a: Renounce Religion, Heroism


You were on level 5 of the Dungeon.
You worshipped Okawaru.
Okawaru was aware of your devotion.
You visited 1 branch of the dungeon, and saw 5 of its levels.

You collected 460 gold pieces.


   Skills:
 - Level 2.2(7.2) Fighting
 + Level 11.1(16.1) Ranged Weapons
 - Level 1.0(6.0) Armour
 - Level 3.0(8.0) Dodging
 - Level 1.2(6.2) Stealth
 - Level 4.0 Invocations


You had 6 spell levels left.
You didn't know any spells.
Your spell library was empty.

Inventory:

Hand Weapons
 Y - a +2 shortbow (weapon)
Armour
 c - a +0 pair of gloves (worn)
 e - a +0 ring mail (worn)
Jewellery
 b - a ring of ice
 h - a +4 ring of slaying (left hand) {mikee}
Scrolls
 a - a scroll of identify
 f - a scroll of noise {unknown}
 l - a scroll of acquirement {unknown}
Potions
 d - 3 potions of might
 g - a potion of resistance
 i - 3 potions of curing
 j - a potion of attraction {unknown}
 k - a potion of brilliance {unknown}
 m - a potion of enlightenment

Dungeon Overview and Level Annotations

Branches:
Dungeon (5/15)             Temple (0/1) D:5

Altars:
Ashenzari
Fedhas
Makhleb
Okawaru
Qazlal
Sif Muna
Zin

Annotations:
D:4 1 runed translucent door, qw's ghost, novice DEHu


Message History

The gnoll sergeant hits you but does no damage.
The gnoll closely misses you.
You shoot an arrow. The arrow barely misses the gnoll.
The arrow hits the gnoll sergeant!
You kill the gnoll sergeant!
Okawaru accepts your kill. The gnoll hits you with a +0 flail.
Your Ranged Weapons skill increases to level 11!
Your Invocations skill increases to level 4!
You shoot an arrow. The arrow barely misses the gnoll.
The gnoll closely misses you. x2
You shoot an arrow. The arrow barely misses the gnoll.
The gnoll hits you with a +0 flail. The gnoll hits you with a +0 whip.
4006 ||| INVOKING Heroism.
You gain the combat prowess of a mighty hero.
The gnoll hits you with a +0 flail. The gnoll hits you with a +0 whip.
You shoot an arrow. The arrow closely misses the gnoll.
The gnoll closely misses you. The gnoll hits you with a +0 flail.
The gnoll closely misses you.
You shoot an arrow. The arrow barely misses the gnoll.
The gnoll hits you with a +0 long sword.
The gnoll barely misses you. The gnoll closely misses you.
You shoot an arrow. The arrow hits the gnoll!
You kill the gnoll!
Okawaru accepts your kill.
You shoot an arrow. The arrow hits the gnoll!
The gnoll is almost dead.
The gnoll hits you with a +0 long sword.
The gnoll closely misses you.
You shoot an arrow. The arrow barely misses the gnoll.
The gnoll hits you with a +0 long sword.
The iguana closely misses you. The gnoll closely misses you.
You shoot an arrow. The arrow hits the gnoll.
You kill the gnoll!
Okawaru accepts your kill. The gnoll barely misses you. The iguana misses you.
You shoot an arrow. The arrow hits the iguana!
The iguana is heavily wounded.
The gnoll misses you. The iguana bites you!
You die...

########### ..........# #!.
..........# #... ###..###..#
##... ..#..#.#..# #..)#
###..#.#..## ....#..
...........#### .).#...
###..###.#....###l......
#....#...####..#@)$.....
###..###.# ##...g...... ......
... #........... .. #.#..#
#...##........... ...
#.#..#.#.................. ...
###..#.#.................. #.#
....................###...###.###
....#.............)..# #........#
....................## #......#..


You could see an iguana and a gnoll.

Vanquished Creatures
  Edmund (D:4)
  A gnoll sergeant (D:5)
  A scorpion (D:4)
  A howler monkey (D:5)
  A gnoll bouda (D:4)
  A hound (D:4)
  A jelly (D:5)
  An orc priest (D:3)
  4 iguanas
  2 orc wizards (D:3)
  19 gnolls
  9 adders
  A shadow imp (D:5)
  A white imp (D:5)
  2 dart slugs
  8 orcs
  8 ball pythons
  4 endoplasms
  A giant cockroach (D:1)
  9 goblins
  8 hobgoblins
  8 kobolds
  5 quokkas
  4 bats
  4 frilled lizards
  10 rats
115 creatures vanquished.

Notes
Turn   | Place    | Note
-------+----------+-------------------------------------------
     0 | D:1      | qw the Deep Elf Hunter began the quest for the Orb.
     0 | D:1      | Reached XP level 1. HP: 12/12 MP: 3/3
     0 | D:1      | 0 ||| qw: Version: 0.3-a-9-g12657ce
     0 | D:1      | 0 ||| qw: Game counter: 4758
     0 | D:1      | 0 ||| qw: Always use a shield: true
     0 | D:1      | 0 ||| qw: God list: Okawaru
     0 | D:1      | 0 ||| qw: Allow faded altars: false
     0 | D:1      | 0 ||| qw: Do Orc after D:15 true
     0 | D:1      | 0 ||| qw: Do second Lair branch before Depths: true
     0 | D:1      | 0 ||| qw: Lair rune preference: random
     0 | D:1      | 0 ||| qw: Plans: Normal
     0 | D:1      | 0 ||| PLANNING D:1-11
   276 | D:1      | Reached XP level 2. HP: 10/16 MP: 4/4
   316 | D:1      | Reached skill level 6 in Ranged Weapons
   888 | D:1      | 888 ||| UPGRADING to +0 ring mail.
   898 | D:1      | 898 ||| DROPPING +0 leather armour.
   899 | D:1      | 899 ||| READING 2 scrolls labelled ELIAK MEDIXI.
   900 | D:1      | 900 ||| READING scroll labelled COFAUP IPLUE.
   901 | D:1      | 901 ||| READING 2 scrolls labelled GAZUSTR FIOHITS.
   902 | D:1      | 902 ||| READING scroll labelled NUKKIUL ZIWO.
   903 | D:1      | 903 ||| READING scroll labelled UTEULIRHIJ.
   908 | D:1      | 908 ||| READING scroll labelled QOYKHE VIVUARCH.
   909 | D:1      | 909 ||| DROPPING scroll of butterflies.
   910 | D:1      | 910 ||| DROPPING scroll of blinking.
  1038 | D:2      | Reached XP level 3. HP: 18/20 MP: 5/5
  1168 | D:2      | Reached skill level 7 in Ranged Weapons
  1168 | D:2      | 1168 ||| FLEEEEING.
  1309 | D:2      | HP: 5/20 [poisoned by an adder]
  1432 | D:2      | Reached XP level 4. HP: 25/25 MP: 6/6
  1540 | D:2      | 1540 ||| UPGRADING to +4 ring of slaying {mikee}.
  1541 | D:2      | 1541 ||| READING scroll labelled XAAXZUCVOT.
  1542 | D:2      | 1542 ||| READING scroll labelled AHEATS GAIMORR.
  1543 | D:2      | 1543 ||| DRINKING 3 red potions.
  1544 | D:2      | 1544 ||| DRINKING 2 coppery potions.
  1545 | D:2      | 1545 ||| READING 3 scrolls of identify.
  1545 | D:2      | 1545 ||| IDENTIFYING cyan potion
  1546 | D:2      | 1546 ||| READING 2 scrolls of identify.
  1546 | D:2      | 1546 ||| IDENTIFYING smoky black potion
  1547 | D:2      | 1547 ||| DROPPING potion of degeneration.
  1569 | D:3      | Found a stormy altar of Qazlal.
  1571 | D:3      | Found an iron altar of Okawaru.
  1572 | D:3      | 1572 ||| PLANNING OKAWARU WORSHIP
  1573 | D:3      | Found a burning altar of Makhleb.
  1573 | D:3      | Found a blossoming altar of Fedhas.
  1573 | D:3      | Found a shimmering blue altar of Sif Muna.
  1573 | D:3      | Found a broken altar of Ashenzari.
  1578 | D:3      | Found a glowing silver altar of Zin.
  1583 | D:3      | Became a worshipper of Warmaster Okawaru
  1584 | D:3      | 1584 ||| PLANNING D:1-11
  1713 | D:3      | 1713 ||| FLEEEEING.
  1733 | D:3      | 1733 ||| FLEEEEING.
  1740 | D:3      | 1740 ||| FLEEEEING.
  1741 | D:3      | 1741 ||| FLEEEEING.
  1742 | D:3      | 1742 ||| FLEEEEING.
  1843 | D:3      | Reached skill level 8 in Ranged Weapons
  2140 | D:3      | Reached XP level 5. HP: 29/29 MP: 7/7
  2219 | D:3      | Found the +7 staff of the Meek {protect, meekguard}
  2407 | D:3      | Reached skill level 9 in Ranged Weapons
  2436 | D:3      | 2436 ||| UPGRADING to +0 pair of gloves.
  2547 | D:4      | Reached * piety under Okawaru
  2548 | D:4      | Reached XP level 6. HP: 12/35 MP: 8/8
  2550 | D:4      | 2550 ||| FLEEEEING.
  2551 | D:4      | 2551 ||| FLEEEEING.
  2552 | D:4      | 2552 ||| FLEEEEING.
  2553 | D:4      | 2553 ||| FLEEEEING.
  2561 | D:4      | 2561 ||| INVOKING Heroism.
  2706 | D:4      | Noticed Edmund
  2721 | D:4      | HP: 8/35 [Edmund/+3 flail of holy wrath (5)]
  2722 | D:4      | 2722 ||| READING scroll of teleportation.
  2722 | D:4      | HP: 1/35 [Edmund/+3 flail of holy wrath (7)]
  2723 | D:4      | 2723 ||| DRINKING potion of heal wounds.
  2739 | D:4      | 2739 ||| FLEEEEING.
  2740 | D:4      | 2740 ||| FLEEEEING.
  2741 | D:4      | 2741 ||| FLEEEEING.
  2745 | D:4      | 2745 ||| STAIRDANCE
  2791 | D:3      | 2791 ||| READING scroll labelled POTROM IF EPT.
  2792 | D:3      | 2792 ||| READING 2 scrolls of identify.
  2792 | D:3      | 2792 ||| IDENTIFYING glowing coppery potion
  2809 | D:4      | Found a runed translucent door.
  2810 | D:4      | Noticed qw's ghost (novice DEHu)
  2828 | D:4      | Killed Edmund
  2829 | D:4      | Reached skill level 10 in Ranged Weapons
  2865 | D:4      | Reached skill level 3 in Dodging
  2865 | D:4      | Reached skill level 1 in Invocations
  3129 | D:4      | 3129 ||| INVOKING Heroism.
  3130 | D:4      | 3130 ||| INVOKING Heroism.
  3139 | D:4      | Reached XP level 7. HP: 40/40 MP: 6/10
  3175 | D:4      | 3175 ||| FLEEEEING.
  3179 | D:4      | 3179 ||| FLEEEEING.
  3180 | D:4      | 3180 ||| FLEEEEING.
  3181 | D:4      | 3181 ||| FLEEEEING.
  3271 | D:4      | 3271 ||| INVOKING Heroism.
  3294 | D:4      | 3294 ||| FLEEEEING.
  3295 | D:4      | 3295 ||| FLEEEEING.
  3296 | D:4      | 3296 ||| FLEEEEING.
  3297 | D:4      | 3297 ||| FLEEEEING.
  3353 | D:4      | Reached skill level 1 in Armour
  3366 | D:4      | 3366 ||| READING scroll of enchant weapon.
  3366 | D:4      | 3366 ||| ENCHANTING +1 shortbow.
  3598 | D:4      | 3598 ||| DRINKING 2 green potions.
  3611 | D:5      | Entered Level 5 of the Dungeon
  3797 | D:5      | Reached skill level 3 in Invocations
  3892 | D:5      | Found a staircase to the Ecumenical Temple.
  3904 | D:5      | 3904 ||| INVOKING Heroism.
  4004 | D:5      | Reached skill level 11 in Ranged Weapons
  4006 | D:5      | 4006 ||| INVOKING Heroism.
  4011 | D:5      | HP: 6/40 [gnoll/+0 long sword[a gnoll sergeant] (6)]
  4013 | D:5      | Slain by an iguana

Levels and vault maps discovered:
D:1:      onia_arrival_handbag, layout_loops_corners
D:2:      layout_basic
D:3:      cheibrodos_greedy_goblins, layout_basic, grunt_temple_overflow_open,
          pf_guarded_unrand_meek
D:4:      layout_basic, ebering_ghost_reflecting_pool, hangedman_decor_growths,
          uniq_edmund
D:5:      layout_cave_pools, minmay_temple_entry_glassed_door,
          minmay_misc_feat_nine_boxes

Skill      XL: |  1  2  3  4  5  6  7 |
---------------+----------------------+-----
Ranged Weapons | 6 7 8 9 10 11 | 11.1
Fighting       | 2 |  2.2
Dodging        | 3 |  3.0
Invocations    | 1 4 |  4.0
Armour         | 1 |  1.0
Stealth        | |  1.2

Action                     |  1- 3 |  4- 6 |  7- 9 || total
---------------------------+-------+-------+-------++-------
   Fire: Shortbow          |   118 |   139 |    99 ||   356
 Invoke: Heroism           |       |     2 |     3 ||     5
    Use: Scroll            |     6 |     7 |     1 ||    14
         Potion            |       |     3 |     1 ||     4
 Armour: Leather armour    |     4 |       |       ||     4
         Ring mail         |    15 |    13 |     4 ||    32
  Dodge: Dodged            |    30 |    31 |    20 ||    81

Table legend:
 A = Non-vault XP
 B = Vault XP
 C = Vault XP percentage of total XP
 D = Non-vault monster count
 E = Vault monster count
 F = Vault count percentage of total count
                 A         B        C        D         E       F
            +---------+---------+-------+---------+---------+-------
      Total |    1092 |     220 |  16.8 |     103 |      12 |  10.4
            +---------+---------+-------+---------+---------+-------
        D:1 |      33 |       5 |  13.2 |      19 |       4 |  17.4
        D:2 |      61 |       0 |   0.0 |      17 |       0 |   0.0
        D:3 |     128 |      53 |  29.3 |      19 |       7 |  26.9
        D:4 |     470 |     162 |  25.6 |      31 |       1 |   3.1
        D:5 |     400 |       0 |   0.0 |      17 |       0 |   0.0
            +---------+---------+-------+---------+---------+-------
